 Dungeon Crawl Stone Soup version 0.32-a0-961-gd60f5e5fc7 (webtiles) character file.

Game seed: 17190965637475020570

4078 jasper the Party-goer (level 10, -12/93 HPs)
             Began as a Mountain Dwarf Fighter on Apr 17, 2024.
             Was a Follower of Uskayaw.
             Mangled by an orc warlord
             ... wielding a +3 battleaxe
              (20 damage)
             ... in a bailey.
             The game lasted 00:13:04 (9021 turns).

jasper the Party-goer (Mountain Dwarf Fighter)      Turns: 9021, Time: 00:13:04

Health: -12/93     AC: 19    Str: 23    XL:     10   Next: 5%
Magic:  17/17      EV:  5    Int:  9    God:    Uskayaw [*.....]
Gold:   137        SH:  5    Dex:  9    Spells: 9/9 levels left

rFire   . . .        a - +1 war axe (spect)
rCold   + . .        C - +0 buckler {rC+}
rNeg    . . .        n - +0 plate armour
rPois   +            m - +1 helmet
rElec   .            h - +0 cloak
rCorr   .            r - +0 pair of gloves
SInv    .            F - +2 pair of boots
Will    ++...        (no amulet) Stlth
                     l - ring of poison resistance
HPRegen 0.35/turn    w - ring of willpower
MPRegen 0.15/turn

%: no passive effects
@: no status effects
A: runic magic, artefact enchanting
a: Renounce Religion, Stomp


You were in a bailey.
You worshipped Uskayaw.
Uskayaw was aware of your devotion.
You visited 2 branches of the dungeon, and saw 9 of its levels.
You also visited: Bailey.

You collected 399 gold pieces.
You spent 262 gold pieces at shops.

Inventory:

Hand Weapons
 a - a +1 spectral war axe (weapon)
 g - a +2 short sword of electrocution
 j - a +2 dagger of venom
 p - a +0 hand axe
Missiles
 b - a throwing net
 f - 93 stones (quivered)
 v - 6 boomerangs
 x - 13 poisoned darts
Armour
 h - a +0 cloak (worn)
 m - a +1 helmet (worn)
 n - a +0 plate armour (worn)
 r - a +0 pair of gloves (worn)
 s - a +2 leather armour of positive energy
 C - a +0 buckler of cold resistance (worn)
 F - a +2 pair of boots (worn)
Jewellery
 e - an amulet of magic regeneration
 l - a ring of poison resistance (left hand)
 w - a ring of willpower (right hand)
Wands
 c - a wand of iceblast (8)
 y - a wand of flame (35)
Scrolls
 k - 2 scrolls of enchant armour
 o - 3 scrolls of torment
 q - 6 scrolls of teleportation
 B - a scroll of fog
 D - a scroll of enchant weapon
 H - a scroll of blinking
Potions
 d - a potion of haste
 i - 5 potions of curing
 t - a potion of berserk rage {unknown}
 u - a potion of enlightenment
 z - a potion of lignification
 A - a potion of brilliance
 G - a potion of mutation {unknown}
 I - a potion of cancellation {unknown}


   Skills:
 - Level 10.0 Fighting
 - Level 3.5 Axes
 - Level 3.2 Armour
 + Level 9.6 Shields
 + Level 10.6 Invocations


You had 9 spell levels left.
You didn't know any spells.
Your spell library contained the following spells:

 Spells                   Type           Power      Damage    Failure   Level
 Necrotise                Necr           0%         1d4       69%         1
 Sandblast                Erth           0%         2d4       69%         1
 Sting                    Conj/Alch      0%         1d3       69%         1
 Mercury Vapours          Alch/Air       0%         N/A       83%         2
 Call Canine Familiar     Summ           0%         N/A       96%         3
 Hailstorm                Conj/Ice       0%         3d5       96%         3
 Passwall                 Erth           0%         N/A       96%         3
 Sigil of Binding         Hex            0%         N/A       96%         3
 Stone Arrow              Conj/Erth      0%         3d7       96%         3
 Summon Ice Beast         Ice/Summ       0%         N/A       96%         3
 Vampiric Draining        Necr           0%         2d6       96%         3
 Animate Armour           Summ/Erth      0%         N/A       100%        4
 Dimensional Bullseye     Hex/Tloc       0%         N/A       100%        4
 Martyr's Knell           Necr/Summ      0%         N/A       100%        4
 Olgreb's Toxic Radiance  Alch           0%         N/A       100%        4
 Vhi's Electric Charge    Tloc/Air       0%         N/A       100%        4
 Arcjolt                  Conj/Air       0%         1d10      100%        5
 Curse of Agony           Necr           0%         N/A       100%        5
 Lee's Rapid Deconstruct  Erth           0%         3d4*      100%        5
 Permafrost Eruption      Ice/Erth       0%         2x4d1     100%        6
 Plasma Beam              Fire/Air       0%         2x1d10    100%        6
 Sculpt Simulacrum        Ice/Alch       0%         N/A       100%        6
 Magnavolt                Erth/Air       0%         3d9       100%        7
 Seismic Cannonade        Alch/Erth      0%         6d4       100%        7
 Lehudib's Crystal Spear  Conj/Erth      0%         10d2      100%        8


Dungeon Overview and Level Annotations

Branches:
Dungeon (8/15)             Temple (1/1) D:4          Bailey (1/1)
   Lair: D:8-11

Altars:
Ashenzari
Cheibriados
Dithmenos
Elyvilon
Fedhas
Gozag
Kikubaaqudgha
Makhleb
Nemelex Xobeh
Okawaru
Ru
Sif Muna
Trog
Uskayaw
Vehumet
Wu Jian
Xom
Yredelemnul
Zin
The Shining One

Shops:
D:1 [   D:7 [


Innate Abilities, Weirdness & Mutations

Your spellcasting is much less encumbered by armour.
You can use scrolls of enchantment on lesser artefacts.


Message History

You block the gnoll's attack.
The gnoll closely misses your +1 spectral war axe.
You barely miss the gnoll.
The gnoll is heavily wounded.
Your +1 spectral war axe hits the gnoll.
The gnoll hits your +1 spectral war axe with a +0 hand axe.
Your spectral weapon shares its damage with you!
The gnoll barely misses your gnoll. The gnoll hits you but does no damage.
Your gnoll hits the gnoll but does no damage.
You take 2 damage, and have 30/93 hp.
You hit the gnoll but do no damage.
The gnoll is heavily wounded.
Your +1 spectral war axe hits the gnoll.
The gnoll hits you but does no damage.
The gnoll hits your gnoll with a +0 hand axe.
The gnoll misses your +1 spectral war axe.
Your gnoll hits the gnoll with a +0 flail.
The gnoll closely misses your gnoll. The gnoll hits you but does no damage.
The gnoll hits your +1 spectral war axe but does no damage.
Your gnoll hits the gnoll with a +0 flail.
Your +1 spectral war axe disappears.
The gnoll barely misses your gnoll.
The orc warlord attacks as it pursues you!
The orc warlord completely misses you.
The orc warlord barely misses your gnoll.
Your gnoll hits the gnoll with a +0 flail.
The gnoll dies!
That's the wrong kind of item! (Use * to select it.) Fire/throw/use which item? ([*] to toss any item) (? for menu, Esc to quit)
Okay, then.
You drop a bubbling emerald potion.
The orc warlord hits you with a +3 battleaxe!!
* * * LOW HITPOINT WARNING * * *
The orc warlord hits your gnoll with a +3 battleaxe!!
Your gnoll dies!
Your gnoll's corpse dissolves into shadows!
You take 23 damage, and have 8/93 hp.
MASSIVE DAMAGE!!
The orc warlord hits you with a +3 battleaxe!!
You die...
Your body falls in perfect tune with the rhythm.

#..)).......#...........#
##.))).....###.......[[###
.#'#.....###.###.....#)#.###
...###.###.....###.###.)...###
.....###
........###..)).....## ......#
........##ß..).......# ).....#
.........#ß....).....# ).....#
......)o!'$....⌠)...∩# ......#
.......@)#ß..........# ......#
........##ß..........# .....##
........###.........## ...###
#.....### ###.....### .#+#
###.## #'#.### ## ## ..###


You could see an orc warlord.

Vanquished Creatures
  Jeremiah (D:6)
  A wyvern (D:7)
  3 yaks (D:8)
  Menkaure (D:7)
  10 orc warriors
  2 black bears
  3 ice beasts
  3 ogres
  2 phantoms
  A bullfrog (D:7)
  4 scorpions
  4 bombardier beetles
  Crazy Yiuf (D:6)
  2 hounds (D:4)
  4 orc priests
  A gnoll bouda (D:5)
  A jelly (D:5)
  A sleepcap (D:6)
  Terence (D:2)
  2 iguanas
  4 orc wizards
  Robin (D:2)
  13 gnolls
  7 adders
  A white imp (D:8)
  2 ufetubi (D:7)
  2 dart slugs
  A ribbon worm (D:2)
  30 orcs
  6 endoplasms
  A giant cockroach (D:2)
  26 goblins
  25 hobgoblins
  11 jackals
  6 kobolds
  2 quokkas (D:2)
  10 ball pythons
  9 bats
  5 frilled lizards
  A rat (D:3)
211 creatures vanquished.

Vanquished Creatures (collateral kills)
  A gnoll (Bailey)
  A goblin (Bailey)
  A hobgoblin (Bailey)
3 creatures vanquished.

Grand Total: 214 creatures vanquished

Notes
Turn   | Place    | Note
-------+----------+-------------------------------------------
     0 | D:1      | jasper the Mountain Dwarf Fighter began the quest for the
                  | Orb.
     0 | D:1      | Reached XP level 1. HP: 19/19 MP: 1/1
    31 | D:1      | Found Ociatt's Armour Boutique.
   154 | D:1      | Reached XP level 2. HP: 25/26 MP: 2/2
   507 | D:1      | Bought a +0 cloak for 45 gold pieces
   616 | D:1      | Reached XP level 3. HP: 33/33 MP: 3/3
  1712 | D:2      | Noticed Robin
  1712 | D:2      | Noticed Terence
  1743 | D:2      | Killed Terence
  1744 | D:2      | Reached skill level 5 in Fighting
  1744 | D:2      | Reached XP level 4. HP: 31/42 MP: 4/4
  1867 | D:2      | Killed Robin
  2433 | D:3      | Found a hide-covered altar of Uskayaw.
  2433 | D:3      | Noticed a +0 dagger
  2434 | D:3      | Noticed a +0 falchion
  2434 | D:3      | Noticed a +0 short sword
  2434 | D:3      | Noticed a +0 dagger
  2434 | D:3      | Noticed a +0 falchion
  2434 | D:3      | Noticed a +0 short sword
  2435 | D:3      | Noticed a +0 spear
  2436 | D:3      | Noticed a +0 spear
  2437 | D:3      | Became a worshipper of Uskayaw the Reveller
  2546 | D:3      | Reached * piety under Uskayaw
  2590 | D:3      | Reached XP level 5. HP: 42/50 MP: 5/5
  2590 | D:3      | Reached ** piety under Uskayaw
  2598 | D:3      | Reached *** piety under Uskayaw
  2894 | D:3      | Found a faded altar of an unknown god.
  3081 | D:4      | Found a staircase to the Ecumenical Temple.
  3205 | D:4      | Found an ancient bone altar of Kikubaaqudgha.
  3212 | D:4      | Reached XP level 6. HP: 54/60 MP: 6/6
  3309 | D:4      | Found an opulent altar of Gozag.
  3705 | D:4      | Reached XP level 7. HP: 55/69 MP: 7/7
  4089 | Temple   | Entered the Ecumenical Temple
  4113 | D:5      | Entered Level 5 of the Dungeon
  4156 | D:5      | Reached **** piety under Uskayaw
  4648 | D:5      | Reached skill level 10 in Fighting
  4694 | D:5      | Reached skill level 1 in Invocations
  4776 | D:5      | HP: 1/72 [ogre/+0 giant spiked club (16)]
  5140 | D:5      | Reached XP level 8. HP: 40/79 MP: 4/10
  5570 | D:6      | Reached skill level 5 in Shields
  5929 | D:6      | Found a shadowy altar of Dithmenos.
  5938 | D:6      | Reached skill level 5 in Invocations
  6597 | D:6      | Noticed Jeremiah
  6625 | D:6      | Killed Jeremiah
  6626 | D:6      | Reached XP level 9. HP: 18/80 MP: 12/14
  6818 | D:6      | Found a runed translucent door.
  6819 | D:6      | Noticed Crazy Yiuf
  6830 | D:6      | Killed Crazy Yiuf
  7192 | D:7      | Found an iron altar of Okawaru.
  7401 | D:7      | Found Jiceot's Antique Armour Shop.
  7421 | D:7      | Bought a pair of glowing boots for 217 gold pieces
  7541 | D:7      | Noticed Menkaure
  7545 | D:7      | Killed Menkaure
  7786 | D:7      | Found a sacrificial altar of Ru.
  8219 | D:8      | Found a broken altar of Ashenzari.
  8442 | D:8      | Found a flagged portal.
  8468 | Bailey   | Entered a bailey
  8743 | Bailey   | Reached skill level 10 in Invocations
  8915 | Bailey   | HP: 2/85 [orc warrior/+0 battleaxe (10)]
  8925 | Bailey   | Reached XP level 10. HP: 10/93 MP: 12/17
  8925 | Bailey   | HP: 2/93 [orc warrior/+0 war axe (8)]
  9012 | Bailey   | Identified the ring of Division {*Corrode AC+4 Str+3}
  9014 | Bailey   | Noticed an orc warlord
  9021 | Bailey   | Mangled by an orc warlord

Illustrated notes

Levels and vault maps discovered:
D:1:      dpeg_arrival_snail, layout_loops_ring, serial_shops, shop
D:2:      layout_loops_ring, minmay_hedge_maze, uniq_robin, uniq_terence
D:3:      layout_basic, nicolae_uskayaw_en_pointe,
          dreamdust_ecumenical_altar_sealed_demon
D:4:      layout_loops_ring, mainiacjoe_overflow_large_starburst,
          minmay_temple_entry_arrows
D:5:      layout_rooms
D:6:      layout_basic, nicolae_dithmenos_the_darkroom,
          kennysheep_generic_room_15, uniq_crazy_yiuf_cottage, uniq_jeremiah
D:7:      layout_basic, mainiacjoe_overflow_small_starburst,
          mainiacjoe_overflow_boulevard, serial_shops, nicolae_shop_waterfront,
          minmay_misc_feat_enclosed, uniq_menkaure
D:8:      layout_basic, cheibrodos_ashenzari_chains, kennysheep_little_box,
          enter_bailey_5, minivault_10, hangedman_decor_clover_reticule,
          nicolae_shop_dragon_depot
Temple:   nicolae_temple_bog_church
Bailey:   bailey_axe_minmay_hex_keep, bailey

Skill      XL: |  1  2  3  4  5  6  7  8  9 |
---------------+----------------------------+-----
Axes           | 3 |  3.5
Fighting       | 5 7 8 10 | 10.0
Invocations    | 2 7 10 | 10.6
Shields        | 4 7 9 |  9.6
Armour         | |  3.2

Action                     |  1- 3 |  4- 6 |  7- 9 | 10-12 || total
---------------------------+-------+-------+-------+-------++-------
  Melee: War axe           |    32 |       |   200 |    12 ||   244
         Short sword       |   126 |   212 |   141 |       ||   479
  Throw: Stone             |       |       |     1 |       ||     1
 Invoke: Line Pass         |       |       |     4 |     1 ||     5
  Evoke: Wand              |       |       |     2 |       ||     2
    Use: Scroll            |     1 |     4 |    16 |     1 ||    22
         Potion            |       |     1 |     7 |       ||     8
   Stab: Paralysed         |       |     1 |     9 |       ||    10
         Confused          |       |       |     1 |       ||     1
 Armour: Scale mail        |   108 |   173 |    36 |       ||   317
         Leather armour    |       |       |   172 |       ||   172
         Plate armour      |       |       |    73 |    12 ||    85
  Dodge: Dodged            |    72 |    72 |   142 |     3 ||   289
  Block: Buckler           |    36 |    44 |    78 |     2 ||   160

Table legend: (Time is in decaauts)
 A = Elapsed time spent in this place.
 B = Non-inter-level travel time spent in this place.
 C = Inter-level travel time spent in this place.
 D = Time resting spent in this place.
 E = Time spent auto-exploring this place.
 F = Levels seen in this place.
 G = Mean time per level.
                   A        B        C        D        E       F      G
               +--------+--------+--------+--------+--------+-----+--------+
         Total |   9123 |   8518 |    605 |    582 |   5948 |  10 |  912.3 |
       Dungeon |   8543 |   7938 |    605 |    550 |   5583 |   8 | 1067.9 |
        Temple |      1 |      1 |      0 |      0 |      0 |   1 |    1.0 |
        Bailey |    577 |    577 |      0 |     32 |    365 |   1 |  577.0 |
               +--------+--------+--------+--------+--------+-----+--------+

Top non-repeatable levels by time:
     D:6: 1451 daAuts
     D:2: 1424 daAuts
     D:4: 1357 daAuts
     D:1: 1113 daAuts
     D:7: 985 daAuts
     D:5: 947 daAuts
     D:3: 710 daAuts
  Bailey: 577 daAuts
     D:8: 553 daAuts
  Temple: 1 daAuts
